[Event "Titled Tuesday Blitz August 22 Early 2023"]
[White "Dom1nant1337"]
[Black "De Souza, Cristiano Gomes"]
[BlackFideId "2151758"]
[WhiteElo "2561"]
[BlackElo "2246"]
[Result "1-0"]
[Round "1"]
[TimeControl "180+1"]
[Date "2023.08.22"]
[WhiteClock "0:00:11"]
[BlackClock "0:00:40"]
[Board "204"]

1. d4 Nf6 2. Bg5 c5 3. Bxf6 gxf6 4. d5 e6 5. e4 d6 6. Nc3 Bg7 7. Qh5 O-O 8. Nf3 Nd7 9. dxe6 fxe6 10. O-O-O Qe7 11. Bc4 Ne5 12. Nxe5 fxe5 13. Rd3 a6 14. Rh3 h6 15. Rg3 Kh8 16. Rd1 b5 17. Be2 Bb7 18. Qg4 Rf4 19. Qg6 Raf8 20. Rxd6 R8f6 21. Qxg7+ Qxg7 22. Rxg7 Kxg7 23. f3 Rf7 24. Rxe6 Rd7 25. Rxe5 c4 26. Nd1 Rff7 27. Ne3 Rf6 28. a4 Bc6 29. Rc5 Rb7 30. e5 Re6 31. Nf5+ Kf8 32. Nd4 Rg6 33. Rxc6 Rxg2 34. axb5 axb5 35. e6 Rxh2 36. f4 Ke7 37. Nf5+ Kf6 38. e7+ Kxf5 39. e8=Q Kxf4 40. Rf6+ Kg5 41. Qe5+ Kh4 42. Rxh6# 1-0


[Site "https://www.chess.com"]

[Event "Titled Tuesday Blitz August 22 Early 2023"]
[White "Sarkar, Justin"]
[Black "Siniauski, Artsiom"]
[WhiteFideId "2010011"]
[BlackFideId "13512269"]
[WhiteElo "2243"]
[BlackElo "2560"]
[Result "0-1"]
[Round "1"]
[TimeControl "180+1"]
[Date "2023.08.22"]
[WhiteClock "0:00:00"]
[BlackClock "0:00:33"]
[Board "205"]

1. d4 Nf6 2. c4 e6 3. Nf3 b6 4. g3 Bb4+ 5. Bd2 Be7 6. Bg2 c6 7. O-O O-O 8. Qc2 d5 9. Ne5 Bb7 10. Rd1 Nfd7 11. Nc3 Nxe5 12. dxe5 Qc7 13. cxd5 cxd5 14. Rac1 Qxe5 15. Bf4 Qf6 16. e4 Nc6 17. exd5 Nb4 18. Qb3 Nxd5 19. Nxd5 Bxd5 20. Bxd5 exd5 21. Rxd5 Bc5 22. Be3 Bxe3 23. fxe3 Rac8 24. Rxc8 Rxc8 25. Qd3 g6 26. Rd6 Qxb2 27. Rd8+ Rxd8 28. Qxd8+ Kg7 29. Qe7 Qa1+ 30. Kg2 Qxa2+ 31. Kg1 Qb1+ 32. Kg2 Qb2+ 33. Kg1 a5 34. e4 Qf6 35. Qc7 a4 0-1


[Site "https://www.chess.com"]

[Event "Titled Tuesday Blitz August 22 Early 2023"]
[White "Moral Garcia, Serafin"]
[Black "Acosta Cruz, Oscar Yosimar"]
[WhiteFideId "2201925"]
[BlackFideId "5111269"]
[WhiteElo "2560"]
[BlackElo "2243"]
[Result "0-1"]
[Round "1"]
[TimeControl "180+1"]
[Date "2023.08.22"]
[WhiteClock "0:00:16"]
[BlackClock "0:00:05"]
[Board "206"]

1. c4 e5 2. g3 Nf6 3. Bg2 c6 4. Nf3 e4 5. Nd4 d5 6. cxd5 Qxd5 7. Nc2 Qh5 8. h3 Bc5 9. Nc3 O-O 10. Nxe4 Nxe4 11. Bxe4 Re8 12. Bg2 Bb6 13. d4 Bf5 14. e3 Qg6 15. Na3 Bd3 16. b3 Bxd4 17. Bd2 Bxa1 18. Qxa1 Nd7 19. Qd4 Rad8 20. Qxa7 Ne5 21. Qc5 h5 22. Bc3 Qd6 23. Qxd6 Rxd6 24. f4 Ng6 25. Kf2 Ba6 26. Rc1 Rd3 27. f5 Ne5 28. Bf1 Rd5 29. Bxa6 bxa6 30. Ke2 Nd7 31. Bb2 Rxf5 32. Rxc6 Ne5 33. Rxa6 Nf3 34. Nc4 Ng5 35. h4 Ne4 36. b4 Nxg3+ 37. Kd3 Rd5+ 38. Kc3 Nf5 39. a4 Nxe3 40. Nxe3 Rxe3+ 41. Kc4 Rd7 42. Bd4 Re4 43. Ra8+ Kh7 44. b5 Rexd4+ 45. Kc5 f5 46. a5 f4 47. b6 R4d5+ 48. Kc6 R5d6+ 49. Kc5 Rd8 50. Rxd8 Rxd8 51. a6 f3 52. a7 f2 53. b7 f1=Q 54. b8=Q Qc1+ 55. Kb6 Qb2+ 56. Kc7 Rxb8 57. axb8=Q Qxb8+ 58. Kxb8 g5 59. hxg5 h4 0-1


[Site "https://www.chess.com"]

[Event "Titled Tuesday Blitz August 22 Early 2023"]
[White "Kiseleva, Arina"]
[Black "Principe, Gerson"]
[WhiteFideId "4164989"]
[BlackFideId "3804550"]
[WhiteElo "2240"]
[BlackElo "2559"]
[Result "0-1"]
[Round "1"]
[TimeControl "180+1"]
[Date "2023.08.22"]
[WhiteClock "0:00:02"]
[BlackClock "0:00:44"]
[Board "207"]

1. d4 Nf6 2. Nf3 e6 3. e3 b6 4. Bd3 Bb7 5. Nbd2 d5 6. O-O Bd6 7. b3 Ne4 8. Bb2 f5 9. Ne5 Nd7 10. f3 Nxd2 11. Qxd2 Nxe5 12. dxe5 Be7 13. Kh1 O-O 14. f4 c5 15. Rf3 c4 16. Be2 Rc8 17. Bd4 Qc7 18. Bd1 a5 19. Rh3 cxb3 20. axb3 Bc5 21. Qf2 g6 22. Qh4 Rf7 23. Bxc5 Qxc5 24. Qf2 Rfc7 25. Rg3 Ba6 26. h4 Bb5 27. h5 Be8 28. Kg1 Qf8 29. Rh3 Rc3 30. hxg6 Bxg6 31. Qh4 Qd8 32. Qh6 Qe7 33. Bh5 Qg7 34. Qg5 Rxc2 35. Rh2 Rb2 36. Bxg6 Qxg6 37. Qe7 Rbc2 38. Kh1 Rc1+ 39. Rxc1 Rxc1# 0-1


[Site "https://www.chess.com"]

[Event "Titled Tuesday Blitz August 22 Early 2023"]
[White "Martinez Reyes, Pedro Ramon"]
[Black "Liu, Leonardo"]
[WhiteFideId "3901807"]
[BlackFideId "30965780"]
[WhiteElo "2559"]
[BlackElo "2234"]
[Result "0-1"]
[Round "1"]
[TimeControl "180+1"]
[Date "2023.08.22"]
[WhiteClock "0:00:13"]
[BlackClock "0:00:07"]
[Board "208"]

1. d4 Nf6 2. c4 g6 3. Nc3 Bg7 4. e4 d6 5. Bd3 O-O 6. Nge2 e5 7. d5 Nbd7 8. f3 Nc5 9. Bc2 a5 10. Be3 Nfd7 11. g4 Kh8 12. h4 Nb6 13. b3 f5 14. h5 f4 15. Bxc5 dxc5 16. hxg6 h6 17. Nb5 Bd7 18. Nec3 Rf6 19. Qe2 Rxg6 20. a4 c6 21. Na3 cxd5 22. exd5 e4 23. Qd2 Qf6 24. Nab1 Re8 25. Bxe4 Bxg4 26. Kf2 Bf5 27. Ra2 Qg5 28. Kf1 Bh3+ 29. Ke1 Qg3+ 30. Qf2 Bd4 31. Qxg3 Rxg3 32. Rah2 Rxf3 33. Rxh3 Bxc3+ 34. Nxc3 Rxc3 35. Rxh6+ Kg7 36. Rg6+ Kf7 37. Rh7+ Kf8 38. Kd2 Rxb3 39. Rh8+ Kf7 40. Rxe8 Kxe8 41. Re6+ Kd7 42. Bd3 Rb2+ 43. Kc3 Nxa4# 0-1


[Site "https://www.chess.com"]

[Event "Titled Tuesday Blitz August 22 Early 2023"]
[White "Kalaiyalahan, Akshaya"]
[Black "Hnydiuk, Aleksander"]
[WhiteFideId "422894"]
[BlackFideId "1109057"]
[WhiteElo "2234"]
[BlackElo "2558"]
[Result "0-1"]
[Round "1"]
[TimeControl "180+1"]
[Date "2023.08.22"]
[WhiteClock "0:00:00"]
[BlackClock "0:00:04"]
[Board "209"]

1. e4 Nf6 2. e5 Nd5 3. d4 d6 4. c4 Nb6 5. Nf3 Bg4 6. exd6 exd6 7. Be2 Be7 8. O-O Nc6 9. b3 O-O 10. Bb2 Bf6 11. Nbd2 d5 12. c5 Nd7 13. h3 Bh5 14. a3 Nxc5 15. b4 Ne4 16. Ne5 Bxe2 17. Qxe2 Bxe5 18. dxe5 Nxd2 19. Qxd2 Qd7 20. Rad1 Rad8 21. Qg5 h6 22. Qg3 Qf5 23. b5 Ne7 24. e6 Ng6 25. e7 Rfe8 26. exd8=Q Rxd8 27. Qxc7 Rd7 28. Qc8+ Kh7 29. Qc3 f6 30. Qd3 Qh5 31. g4 Qg5 32. Qf5 Qh4 33. Kh2 Re7 34. Rxd5 Re2 35. Bd4 Rd2 36. Rd7 Qg5 37. Qxg5 hxg5 38. Kg3 Nf4 39. Rxb7 Ne2+ 40. Kg2 Nf4+ 41. Kh2 Rxd4 42. Rxa7 Rd3 43. f3 Rd2+ 44. Kh1 Ne2 45. Rg1 Nf4 46. a4 Nxh3 47. Rg2 Rd1+ 48. Kh2 Nf4 0-1


[Site "https://www.chess.com"]

[Event "Titled Tuesday Blitz August 22 Early 2023"]
[White "TimGrutter03"]
[Black "Miguelitro69"]
[WhiteElo "2558"]
[BlackElo "2231"]
[Result "1-0"]
[Round "1"]
[TimeControl "180+1"]
[Date "2023.08.22"]
[WhiteClock "0:01:27"]
[BlackClock "0:00:44"]
[Board "210"]

1. Nf3 c5 2. c4 Nc6 3. g3 g6 4. Bg2 Bg7 5. O-O Nf6 6. d4 cxd4 7. Nxd4 O-O 8. Nc3 a6 9. e4 Nxe4 10. Nxc6 Nxc3 11. Nxd8 Nxd1 12. Nxf7 Nxf2 13. Nh6+ Kh8 14. Rxf2 Bd4 15. Ng4 Bxf2+ 16. Nxf2 d6 17. Bh6 Rf5 18. g4 Rf7 19. Bd5 e6 20. Be4 Rb8 21. Rd1 Rd7 22. Bf4 e5 23. Bg5 Kg7 24. b3 h6 25. Be3 b5 26. Bc6 Rc7 27. Rxd6 bxc4 28. bxc4 Rb2 29. Nd3 Rc2 30. Nxe5 Re2 31. Bd4 Kh7 32. Be8 Rxe5 33. Bxg6+ Kg8 34. Rd8+ Kg7 35. Bxe5+ Kxg6 36. Bxc7 Bxg4 37. Rg8+ Kf5 38. Rxg4 Kxg4 39. c5 1-0


[Site "https://www.chess.com"]

[Event "Titled Tuesday Blitz August 22 Early 2023"]
[White "hsd2016"]
[Black "Chor, Kevin"]
[BlackFideId "2090740"]
[WhiteElo "2230"]
[BlackElo "2557"]
[Result "0-1"]
[Round "1"]
[TimeControl "180+1"]
[Date "2023.08.22"]
[WhiteClock "0:00:43"]
[BlackClock "0:00:54"]
[Board "211"]

1. c4 Nf6 2. Nc3 g6 3. g3 Bg7 4. Bg2 O-O 5. d4 d6 6. e4 Nc6 7. Nge2 Nd7 8. f4 e5 9. d5 Nd4 10. Be3 Nxe2 11. Qxe2 f5 12. O-O exf4 13. Bxf4 Nc5 14. e5 dxe5 15. Be3 Qe7 16. Rad1 e4 17. Nb5 Nd3 18. Nd4 Bd7 19. a3 c5 20. dxc6 bxc6 21. b4 a5 22. c5 axb4 23. axb4 Nxb4 24. Qc4+ Nd5 25. Nb5 Be6 0-1


[Site "https://www.chess.com"]

[Event "Titled Tuesday Blitz August 22 Early 2023"]
[White "Ilkhomi, Jaloliddin"]
[Black "le-castor-faineant"]
[WhiteFideId "14700948"]
[WhiteElo "2555"]
[BlackElo "2229"]
[Result "1-0"]
[Round "1"]
[TimeControl "180+1"]
[Date "2023.08.22"]
[WhiteClock "0:00:48"]
[BlackClock "0:00:14"]
[Board "212"]

1. d4 Nf6 2. Nf3 g6 3. Bg5 Bg7 4. Nbd2 d6 5. e4 O-O 6. c3 c5 7. dxc5 dxc5 8. Bc4 Nc6 9. O-O Bg4 10. Qe2 a6 11. h3 Bxf3 12. Nxf3 b5 13. Rad1 Qc7 14. Bd5 Rad8 15. Bb3 c4 16. Bc2 Ne5 17. Nxe5 Qxe5 18. Be3 Rxd1 19. Rxd1 Nh5 20. Bd4 Nf4 21. Qf3 Qg5 22. Bxg7 Kxg7 23. h4 Qe5 24. g3 Ne6 25. Rd5 Qc7 26. h5 Rd8 27. h6+ Kg8 28. a4 Rxd5 29. exd5 Ng5 30. Qg4 f6 31. axb5 axb5 32. f4 Qc5+ 33. Kf1 Qxd5 34. fxg5 Qh1+ 35. Ke2 Qg2+ 36. Kd1 Qf1+ 37. Kd2 Qf2+ 38. Qe2 Qxg3 39. Qxe7 Qxg5+ 40. Kd1 Qg1+ 41. Kd2 Qg5+ 42. Qe3 Qd5+ 43. Kc1 Qh1+ 44. Bd1 g5 45. Qe8# 1-0


[Site "https://www.chess.com"]

[Event "Titled Tuesday Blitz August 22 Early 2023"]
[White "KSho99"]
[Black "Taboas Rodriguez, Daniel"]
[BlackFideId "2208466"]
[WhiteElo "2227"]
[BlackElo "2555"]
[Result "0-1"]
[Round "1"]
[TimeControl "180+1"]
[Date "2023.08.22"]
[WhiteClock "0:01:35"]
[BlackClock "0:01:36"]
[Board "213"]

1. Nf3 Nf6 2. g3 b6 3. Bg2 Bb7 4. O-O g6 5. c4 Bg7 6. Nc3 O-O 7. d4 Ne4 8. Qc2 Nxc3 9. Qxc3 c5 10. e3 Nc6 11. Rd1 d5 12. cxd5 Qxd5 13. Qc2 cxd4 14. Nxd4 Qxg2+ 15. Kxg2 Nxd4+ 16. f3 Nxc2 17. Rb1 Rfd8 0-1


[Site "https://www.chess.com"]

[Event "Titled Tuesday Blitz August 22 Early 2023"]
[White "Roebers, Eline"]
[Black "BeautiFullMindChess"]
[WhiteFideId "1058401"]
[WhiteElo "2555"]
[BlackElo "2226"]
[Result "0-1"]
[Round "1"]
[TimeControl "180+1"]
[Date "2023.08.22"]
[WhiteClock "0:01:46"]
[BlackClock "0:00:09"]
[Board "214"]

1. e4 e5 2. Nf3 Nf6 3. Nc3 Nc6 4. a3 Be7 5. d4 exd4 6. Nxd4 O-O 7. Bf4 d5 8. Ndb5 d4 9. Nd5 Nxd5 10. exd5 Qxd5 11. Be2 Qxg2 12. Bf3 Qh3 13. Nxc7 Bf5 14. Nxa8 Rxa8 15. Qe2 d3 16. Qe3 Bc5 17. Qxc5 Qxf3 18. Qe3 Qxh1+ 19. Kd2 Qxa1 20. cxd3 Rd8 21. d4 Qxb2+ 22. Ke1 Nxd4 23. Kf1 Qb1+ 24. Kg2 Be4+ 25. Kh3 Qf1+ 26. Kh4 Nf5+ 27. Kg5 Nxe3 28. Bxe3 Qg2+ 29. Kf4 Qf3+ 30. Kg5 Qf5+ 31. Kh4 g5+ 32. Kh5 Bf3+ 33. Kh6 Qg6# 0-1


[Site "https://www.chess.com"]

[Event "Titled Tuesday Blitz August 22 Early 2023"]
[White "Luxama, Jacques Muller"]
[Black "Postlmayer, Jakob"]
[WhiteFideId "11900113"]
[BlackFideId "1643622"]
[WhiteElo "2225"]
[BlackElo "2553"]
[Result "0-1"]
[Round "1"]
[TimeControl "180+1"]
[Date "2023.08.22"]
[WhiteClock "0:00:14"]
[BlackClock "0:00:42"]
[Board "215"]

1. e4 c6 2. d4 d5 3. Nc3 dxe4 4. Nxe4 Nf6 5. Nxf6+ exf6 6. c3 Bd6 7. Bd3 O-O 8. Qc2 Re8+ 9. Ne2 h5 10. Be3 Nd7 11. O-O-O Nf8 12. Kb1 Be6 13. c4 Rc8 14. Nc3 Bb4 15. a3 Bxc3 16. Qxc3 b5 17. Qb4 a5 18. Qc3 bxc4 19. Bxc4 Bd5 20. Rhg1 Rb8 21. h4 Qd6 22. Bxd5 Qxd5 23. Rc1 Rec8 24. Qc4 Qf5+ 25. Ka1 Ne6 26. Rc3 Rb5 27. Rgc1 Rcb8 28. R1c2 R5b6 29. Qd3 Qd5 30. f3 Rd8 31. Qe4 Qxe4 32. fxe4 Nxd4 33. Bxd4 Rxd4 34. Rxc6 Rxc6 35. Rxc6 Rxe4 36. Rc5 Rxh4 37. Rxa5 g5 38. Rf5 Kg7 39. Ka2 Rh2 40. Rf2 h4 41. a4 h3 42. a5 hxg2 43. a6 g1=Q 44. a7 Qxf2 45. a8=Q Qxb2# 0-1


[Site "https://www.chess.com"]

[Event "Titled Tuesday Blitz August 22 Early 2023"]
[White "FoxOnTheRun97"]
[Black "Thiel, Thomas"]
[BlackFideId "4615964"]
[WhiteElo "2552"]
[BlackElo "2224"]
[Result "1-0"]
[Round "1"]
[TimeControl "180+1"]
[Date "2023.08.22"]
[WhiteClock "0:00:17"]
[BlackClock "0:00:00"]
[Board "216"]

1. d4 d5 2. c4 dxc4 3. Nf3 Nf6 4. e3 Bg4 5. Bxc4 e6 6. h3 Bh5 7. Nbd2 Nc6 8. a3 Bd6 9. b4 O-O 10. Bb2 Qe7 11. Qb3 e5 12. dxe5 Nxe5 13. Nxe5 Bxe5 14. O-O Rad8 15. Qc2 Bg6 16. Qc1 Ne4 17. Nf3 Bxb2 18. Qxb2 Qf6 19. Qxf6 Nxf6 20. Rac1 c6 21. Rfd1 Ne4 22. Ne5 Nd2 23. Nxg6 hxg6 24. Be2 Ne4 25. Bf3 Nf6 26. a4 a6 27. b5 axb5 28. axb5 cxb5 29. Bxb7 Rb8 30. Bf3 Rfd8 31. Rxd8+ Rxd8 32. Rb1 Rb8 33. Rb4 Ne8 34. Kf1 Nc7 35. Ke2 Na6 36. Rb2 b4 37. Bd5 Nc5 38. e4 Kf8 39. Ke3 Ke7 40. Kd4 Nd7 41. f4 f6 42. Ra2 Kd6 43. Ra6+ Ke7 44. Bb3 Nb6 45. Kc5 Nc8 46. Ra4 Nd6 47. Ra7+ Rb7 48. Rxb7+ Nxb7+ 49. Kxb4 Nd6 50. Bd5 g5 51. fxg5 fxg5 52. Kc5 1-0


[Site "https://www.chess.com"]

[Event "Titled Tuesday Blitz August 22 Early 2023"]
[White "Lee, Addison"]
[Black "Ismayil, Malak"]
[WhiteFideId "30924570"]
[BlackFideId "13412604"]
[WhiteElo "2219"]
[BlackElo "2548"]
[Result "0-1"]
[Round "1"]
[TimeControl "180+1"]
[Date "2023.08.22"]
[WhiteClock "0:00:14"]
[BlackClock "0:01:34"]
[Board "217"]

1. Nf3 Nf6 2. d4 d5 3. Bf4 e6 4. e3 Be7 5. Bg3 O-O 6. Bd3 c5 7. c3 c4 8. Bc2 b5 9. O-O b4 10. cxb4 Bxb4 11. b3 Ba6 12. bxc4 Bxc4 13. Bd3 Bxd3 14. Qxd3 Nbd7 15. Nbd2 Rc8 16. Rfc1 Qa5 17. Nb3 Qa3 18. Rc2 a5 19. Rxc8 Rxc8 20. Qb5 h5 21. Bh4 a4 22. Nbd2 Bxd2 23. Nxd2 Qc3 24. Rd1 Qc2 25. Qe2 Ne4 26. Kf1 Nc3 0-1


[Site "https://www.chess.com"]

[Event "Titled Tuesday Blitz August 22 Early 2023"]
[White "To, Nhat Minh"]
[Black "Winslow, Elliott"]
[WhiteFideId "729019"]
[BlackFideId "2002523"]
[WhiteElo "2547"]
[BlackElo "2219"]
[Result "1-0"]
[Round "1"]
[TimeControl "180+1"]
[Date "2023.08.22"]
[WhiteClock "0:00:38"]
[BlackClock "0:00:45"]
[Board "218"]

1. e4 c5 2. Nf3 d6 3. d4 cxd4 4. Qxd4 Nc6 5. Bb5 Bd7 6. Bxc6 Bxc6 7. Nc3 Nf6 8. Bg5 e6 9. O-O-O Be7 10. Qd3 h6 11. Bxf6 Bxf6 12. Nd4 Qb6 13. Nxc6 Qxc6 14. Qxd6 Qxd6 15. Rxd6 Bxc3 16. bxc3 Rc8 17. Rhd1 O-O 18. Rd7 Rxc3 19. Rxb7 Rfc8 20. Rd2 Ra3 21. Kb2 Ra4 22. f3 a5 23. Rb5 Kf8 24. Kb3 Rcc4 25. c3 f5 26. exf5 exf5 27. Rxf5+ Ke7 28. Rxa5 Rxa5 29. Kxc4 1-0


[Site "https://www.chess.com"]

[Event "Titled Tuesday Blitz August 22 Early 2023"]
[White "ArmanGhevondyanchess"]
[Black "Yelisieiev, Yevhenii"]
[BlackFideId "14139642"]
[WhiteElo "2216"]
[BlackElo "2547"]
[Result "0-1"]
[Round "1"]
[TimeControl "180+1"]
[Date "2023.08.22"]
[WhiteClock "0:00:11"]
[BlackClock "0:00:05"]
[Board "219"]

1. Nf3 d6 2. d4 Nf6 3. g3 Nbd7 4. Bg2 e5 5. O-O e4 6. Ne1 d5 7. f3 exf3 8. exf3 Be7 9. Nd3 O-O 10. c3 Re8 11. Re1 b6 12. Nd2 Bb7 13. Nf1 c5 14. Be3 Rc8 15. Bf2 Nf8 16. Ne5 Ne6 17. Qd2 h5 18. Rad1 h4 19. Bh3 hxg3 20. hxg3 Bd6 21. Kg2 a5 22. Ne3 cxd4 23. cxd4 Bb4 24. Qd3 Bxe1 25. Rxe1 Rc7 26. Rh1 Ng5 27. Bf5 Qd6 28. a3 Rxe5 29. dxe5 Qxe5 30. Re1 Nxf3 31. Kxf3 d4+ 32. Ke2 dxe3 33. Bxe3 Qxb2+ 34. Bd2 Re7+ 35. Kf2 Rxe1 36. Kxe1 Qe5+ 37. Kf2 Qc5+ 38. Be3 Qc6 39. Ke2 g6 40. Bh3 Qf3+ 41. Kd2 Qxg3 42. Bf1 Ne4+ 43. Kc2 Qc7+ 44. Kb2 Nc5 45. Qc4 Ne6 46. Qxc7 Nxc7 47. Bxb6 Nd5 48. Bxa5 g5 49. Bg2 f5 50. Kb3 Kf7 51. Bd8 g4 52. Bg5 Ke6 53. a4 Ba6 54. a5 Ke5 55. Bxd5 Kxd5 56. Kc3 Ke4 57. Kd2 f4 58. Ke1 g3 59. Bh4 Kf3 60. Be7 Kg2 61. Bc5 f3 62. Kd2 f2 63. Kc3 f1=Q 64. Bd4 Qb5 65. Kd2 Qd3+ 0-1


[Site "https://www.chess.com"]

[Event "Titled Tuesday Blitz August 22 Early 2023"]
[White "Santos Flores, Alberto"]
[Black "Kiseljova, Marya"]
[WhiteFideId "3601234"]
[BlackFideId "4155009"]
[WhiteElo "2547"]
[BlackElo "2212"]
[Result "1-0"]
[Round "1"]
[TimeControl "180+1"]
[Date "2023.08.22"]
[WhiteClock "0:02:54"]
[BlackClock "0:02:15"]
[Board "220"]

1. e4 c5 2. Nf3 Nc6 3. Nc3 g6 4. d4 cxd4 5. Nxd4 Bg7 6. Be3 Nf6 7. Bc4 O-O 8. Bb3 Na5 9. e5 Ne8 10. Bxf7+ Rxf7 11. Ne6 dxe6 12. Qxd8 1-0


[Site "https://www.chess.com"]

[Event "Titled Tuesday Blitz August 22 Early 2023"]
[White "Sailer, Mike"]
[Black "Trifan, Andrei Ioan"]
[WhiteFideId "2012901"]
[BlackFideId "12967068"]
[WhiteElo "2210"]
[BlackElo "2544"]
[Result "0-1"]
[Round "1"]
[TimeControl "180+1"]
[Date "2023.08.22"]
[WhiteClock "0:00:18"]
[BlackClock "0:00:11"]
[Board "221"]

1. e4 g6 2. h4 Bg7 3. h5 d5 4. Nc3 dxe4 5. Nxe4 Nc6 6. Bc4 Bf5 7. Ng3 Qd7 8. d3 Bg4 9. Nf3 Nd4 10. h6 Bf6 11. Be3 Nxf3+ 12. gxf3 Be6 13. Bb3 Bxb2 14. Rb1 Bc3+ 15. Ke2 Nf6 16. Bxe6 Qxe6 17. Rxb7 Ba5 18. Qb1 Bb6 19. Ne4 Qc6 20. Rxb6 axb6 21. Qb2 Qe6 22. Bd4 Nxe4 23. fxe4 O-O 24. c4 f6 25. Rg1 Rfd8 26. Qc3 Rxa2+ 27. Ke3 Qh3+ 28. Rg3 Qxh6+ 29. Kf3 Qh1+ 30. Ke3 e5 31. Bxe5 fxe5 32. Qxe5 Qe1+ 33. Kf3 Qxf2+ 34. Kg4 Rf8 35. Qe6+ Qf7 36. Qe5 Rf2 37. Kh3 Rf4 38. d4 Qd7+ 39. Kg2 Rf2+ 40. Kg1 Rf1+ 41. Kh2 R8f2+ 42. Rg2 Rxg2+ 43. Kxg2 Rf8 44. d5 Qf7 45. Qg3 Qf1+ 46. Kh2 Rf2+ 0-1


[Site "https://www.chess.com"]

[Event "Titled Tuesday Blitz August 22 Early 2023"]
[White "Zhang, Eric"]
[Black "Balint, Vilmos"]
[WhiteFideId "30907667"]
[BlackFideId "718050"]
[WhiteElo "2544"]
[BlackElo "2209"]
[Result "0-1"]
[Round "1"]
[TimeControl "180+1"]
[Date "2023.08.22"]
[WhiteClock "0:00:00"]
[BlackClock "0:01:05"]
[Board "222"]

1. d4 Nf6 2. c4 e6 3. Nf3 Bb4+ 4. Nbd2 O-O 5. g3 b6 6. Bg2 Bb7 7. O-O h6 8. a3 Be7 9. b4 a5 10. b5 d5 11. Qc2 Nbd7 12. Bb2 Rc8 13. Rac1 c5 14. bxc6 Bxc6 15. Qb3 Bb7 16. Qa2 Ba6 17. cxd5 Nxd5 18. Rxc8 Qxc8 19. Re1 Nc3 20. Bxc3 Qxc3 21. Nb1 Qc7 22. e4 Rc8 23. d5 exd5 24. exd5 Bc4 25. Qd2 Nf6 26. Nc3 Bxa3 27. Nd4 Bb4 28. Re3 Qd7 29. Qb2 Nxd5 30. Nxd5 Bxd5 31. Nf3 Bc5 32. Rd3 Qb7 33. h4 Be4 34. Rc3 Rd8 35. Qe2 a4 36. Kh2 a3 37. Ne1 Bxg2 38. Nxg2 Ra8 39. Qa2 Qe7 40. Ne3 Qe6 41. Nc4 b5 0-1


[Site "https://www.chess.com"]

[Event "Titled Tuesday Blitz August 22 Early 2023"]
[White "Zeck_CH"]
[Black "maksimys18"]
[WhiteElo "2208"]
[BlackElo "2543"]
[Result "0-1"]
[Round "1"]
[TimeControl "180+1"]
[Date "2023.08.22"]
[WhiteClock "0:00:00"]
[BlackClock "0:00:44"]
[Board "223"]

1. e4 e6 2. Qe2 c5 3. Nf3 Nc6 4. d3 g6 5. Nbd2 Bg7 6. g3 Nge7 7. Bg2 O-O 8. O-O d6 9. Re1 b5 10. h4 h5 11. Nf1 a5 12. a4 b4 13. Ne3 Qc7 14. Nc4 Ba6 15. Bf4 Bxc4 16. dxc4 Bxb2 17. Rad1 Bg7 18. Bxd6 Qb7 19. e5 Rfd8 20. Bxc5 Nf5 21. Qe4 Qc7 22. Rxd8+ Rxd8 23. Be3 Nxe5 24. c5 Nxe3 25. Qxe3 Nxf3+ 26. Bxf3 Bd4 27. Qg5 Bxc5 28. Kg2 Qe7 29. Qf4 Rd4 30. Re4 Rxe4 31. Qxe4 Kh7 32. Qc4 Qa7 33. Qe2 Qd7 34. Qa6 Qxa4 35. Qb7 Kg7 36. Be4 b3 37. cxb3 Qa2 38. Kh3 Qxf2 39. Bg2 Bd6 40. Qf3 Qxf3 41. Bxf3 f5 42. Kg2 e5 43. Be2 Kf6 44. Bc4 e4 45. Kf2 Ke5 46. Bf7 Kf6 47. Bc4 g5 48. hxg5+ Kxg5 49. Be6 Be7 50. Kg2 Kf6 51. Bd7 Ke5 52. Be8 h4 53. gxh4 Bxh4 54. Bb5 f4 55. Kf1 f3 56. Bc4 Kd4 57. Be6 Ke3 58. Bd5 Kd3 59. Bc4+ Kd2 60. Bd5 Ke3 61. Bc4 Bf6 62. Bd5 Bd4 63. Bc6 Kf4 64. Bd5 e3 65. Bc4 Ke4 66. Bb5 e2+ 67. Ke1 Bc3+ 0-1


[Site "https://www.chess.com"]

[Event "Titled Tuesday Blitz August 22 Early 2023"]
[White "Sreyas Payyappat"]
[Black "Andreassen, Lars"]
[WhiteFideId "46674969"]
[BlackFideId "1504878"]
[WhiteElo "2542"]
[BlackElo "2208"]
[Result "0-1"]
[Round "1"]
[TimeControl "180+1"]
[Date "2023.08.22"]
[WhiteClock "0:00:18"]
[BlackClock "0:00:16"]
[Board "224"]

1. e4 d6 2. d4 Nf6 3. Nc3 e5 4. dxe5 dxe5 5. Qxd8+ Kxd8 6. f4 Bb4 7. Bd3 Nc6 8. Nf3 Re8 9. f5 Bxf5 10. exf5 e4 11. O-O exd3 12. cxd3 Kd7 13. Bg5 Rad8 14. Bxf6 gxf6 15. Ne4 Ke7 16. Rad1 Ba5 17. Kh1 Bb6 18. Ne1 Ne5 19. h3 h5 20. Ng3 h4 21. Ne4 Rg8 22. Nf3 Nxd3 23. Nxh4 Nxb2 24. Rde1 Nd3 25. Re2 Bd4 26. Nc5+ Be5 27. Nxb7 Rd4 28. Nf3 Rd5 29. Re3 Rg3 30. Rb1 Nf2+ 31. Kg1 Nxh3+ 32. Kf1 Ng5 33. Rbe1 Nxf3 34. Rxf3 Rxf3+ 35. gxf3 Kf8 36. Rc1 Rd2 37. Nc5 Rxa2 38. Nd7+ Kg7 39. Nxe5 fxe5 40. Rxc7 Kf6 41. Rb7 a5 42. Ra7 a4 43. Ke1 a3 44. Kd1 Ra1+ 45. Kc2 a2 46. Kb2 Rf1 47. Kxa2 Rf2+ 48. Kb3 Rxf3+ 49. Kc2 Rxf5 50. Kd3 Rf4 51. Ke3 Ke6 52. Ra6+ Kf5 53. Ra7 f6 54. Rf7 Re4+ 55. Kf3 Ra4 56. Ke3 e4 57. Ke2 Ra3 58. Rf8 Ke5 59. Re8+ Kf4 60. Rb8 f5 61. Rb2 Rh3 62. Kf2 Rh2+ 0-1


[Site "https://www.chess.com"]

[Event "Titled Tuesday Blitz August 22 Early 2023"]
[White "parintele_chess"]
[Black "Portela Peleteiro, Alberto"]
[BlackFideId "22276106"]
[WhiteElo "2207"]
[BlackElo "2542"]
[Result "1-0"]
[Round "1"]
[TimeControl "180+1"]
[Date "2023.08.22"]
[WhiteClock "0:00:27"]
[BlackClock "0:00:47"]
[Board "225"]

1. d4 d5 2. Bf4 e6 3. Nf3 Bd6 4. e3 Nf6 5. Nbd2 O-O 6. Bg3 b6 7. Bd3 Ba6 8. Ne5 Bxe5 9. Bxe5 Bxd3 10. cxd3 Nfd7 11. Bg3 c5 12. dxc5 Nxc5 13. Qe2 d4 14. e4 Nc6 15. a3 Rc8 16. O-O Qd7 17. Rac1 a5 18. Nc4 Qa7 19. Bd6 Nb3 20. Bxf8 Nxc1 21. Rxc1 Kxf8 22. Nd6 Rc7 23. Nb5 Rc8 24. Nxa7 Nxa7 25. Rxc8+ Nxc8 26. Qc2 1-0


[Site "https://www.chess.com"]

[Event "Titled Tuesday Blitz August 22 Early 2023"]
[White "Shishkov, Andrei"]
[Black "ZeGood_ZeBad_ZeUgly"]
[WhiteFideId "4500563"]
[WhiteElo "2542"]
[BlackElo "2204"]
[Result "1-0"]
[Round "1"]
[TimeControl "180+1"]
[Date "2023.08.22"]
[WhiteClock "0:00:30"]
[BlackClock "0:00:01"]
[Board "226"]

1. d4 d5 2. c4 c6 3. e3 Nf6 4. Nc3 e6 5. b3 Nbd7 6. Bd3 b6 7. Bb2 Ba6 8. Nf3 dxc4 9. bxc4 c5 10. O-O cxd4 11. exd4 Rc8 12. Qa4 Bb7 13. Qxa7 Bxf3 14. gxf3 Nh5 15. Ne2 Nf4 16. Nxf4 Bd6 17. Ng2 O-O 18. Qb7 f5 19. Rfe1 Rc7 20. Qa6 Rf6 21. c5 Bxc5 22. dxc5 Nxc5 23. Bxf6 Qxf6 24. Qc4 1-0


[Site "https://www.chess.com"]

[Event "Titled Tuesday Blitz August 22 Early 2023"]
[White "Larina, Maria"]
[Black "Gontcharov, Vladislav"]
[WhiteFideId "24113182"]
[BlackFideId "4123492"]
[WhiteElo "2201"]
[BlackElo "2542"]
[Result "0-1"]
[Round "1"]
[TimeControl "180+1"]
[Date "2023.08.22"]
[WhiteClock "0:00:27"]
[BlackClock "0:00:20"]
[Board "227"]

1. e4 e6 2. d4 d5 3. Nc3 Bb4 4. exd5 exd5 5. Bd3 Nc6 6. a3 Bxc3+ 7. bxc3 Nge7 8. Qh5 Be6 9. Nf3 Qd7 10. Ng5 g6 11. Qh6 O-O-O 12. Nxe6 Qxe6+ 13. Be3 Nf5 14. Qh3 Nce7 15. O-O Ng7 16. Qf3 f5 17. Rfe1 Qf7 18. Bg5 Rde8 19. Rab1 Nc6 20. Be3 Ne6 21. Bb5 Rd8 22. Bxc6 bxc6 23. c4 f4 24. cxd5 cxd5 25. c4 Qf5 26. cxd5 Rxd5 27. Bc1 Rhd8 28. h3 Qxb1 29. Bd2 Qf5 30. Bc3 g5 31. Rd1 R8d6 32. Qe2 Kd7 33. Qb2 Qe4 34. Qb4 Nxd4 35. Qa4+ Kd8 36. Re1 Ne2+ 37. Kf1 Qxa4 38. Rxe2 Rd1+ 39. Re1 Qc4+ 0-1


[Site "https://www.chess.com"]